 Dungeon Crawl Stone Soup version 0.26-a0-707-g31817bcca1 (webtiles) character file.

Game seed: 13336009308852030502

5549 dickylongcocking the Transmogrifier (level 10, -1/44 HPs)
             Began as a Spriggan Venom Mage on Oct 26, 2020.
             Was a Believer of Makhleb.
             Shot with an arrow by a centaur (12 damage)
             ... on level 8 of the Dungeon.
             The game lasted 00:13:19 (11695 turns).

dickylongcocking the Transmogrifier (SpVM)         Turns: 11695, Time: 00:13:19

Health: -1/44      AC:  5    Str:  4    XL:     10   Next: 44%
Magic:  3/24       EV: 18    Int: 22    God:    Makhleb [**....]
Gold:   412        SH:  0    Dex: 18    Spells: 13/27 levels left

rFire    x . .     SeeInvis +   B - +3 quarterstaff (chaos)
rCold    + . .     Faith    .   (shield currently unavailable)
rNeg     + + .     Spirit   .   d - +2 robe {MR+}
rPois    +         Reflect  .   (helmet restricted)
rElec    .         Harm     .   A - +0 cloak
rCorr    .         Rampage  .   (gloves unavailable)
MR       ++...     Clarity  +   (boots unavailable)
Stlth    ++........             (no amulet)
HPRegen  0.14/turn              q - ring of poison resistance
MPRegen  0.19/turn              C - ring of Dogma {Ice rN++ Int+3}

@: very quick
A: very small, unfitting armour, see invisible, clarity, speed 3
a: Minor Destruction, Renounce Religion


You were on level 8 of the Dungeon.
You worshipped Makhleb.
Makhleb was pleased with you.
You visited 2 branches of the dungeon, and saw 9 of its levels.

You collected 412 gold pieces.

Inventory:

Hand Weapons
 f - a +2 short sword of protection
 h - a +0 dagger
 k - a +1 short sword
 l - a +0 spear
 B - a +3 quarterstaff of chaos (weapon)
Armour
 a - a +0 robe
 d - a +2 robe of magic resistance (worn)
 A - a +0 cloak (worn)
Jewellery
 j - an uncursed ring of ice
 q - a ring of poison resistance (left hand)
 C - the ring of Dogma (right hand) {Ice rN++ Int+3}
   (You found it on level 8 of the Dungeon)

   [ring of ice]

   It enhances your ice magic.
   It affects your intelligence (+3).
   It makes you vulnerable to fire.
   It protects you from cold.
   It greatly protects you from negative energy.
Wands
 c - a wand of polymorph (8)
 y - a wand of random effects (22)
Scrolls
 e - 2 scrolls of blinking
 i - a scroll of enchant armour
 m - 2 scrolls of fear
 n - a scroll of fog
 o - 4 scrolls of teleportation
 r - 3 scrolls of identify
 s - 3 scrolls of remove curse
 x - a scroll of vulnerability
Potions
 b - 2 potions of lignification
 g - a potion of stabbing
 p - 2 potions of curing
 t - a potion of heal wounds
 u - a potion of haste
 v - 3 potions of mutation
 w - a potion of flight
 z - a potion of cancellation {unknown}
 D - a potion of ambrosia


   Skills:
 - Level 3.0 Dodging
 - Level 3.0 Stealth
 * Level 9.0 Spellcasting
 * Level 14.7 Transmutations
 * Level 7.8 Poison Magic


You had 13 spell levels left.
You knew the following spells:

 Your Spells              Type           Power        Failure   Level
a - Sting                 Tmut/Pois      ####         1%          1
b - Apportation           Tloc           #.....       7%          1
d - Olgreb's Toxic Radia  Pois           #####...     2%          4
i - Ignite Poison         Fire/Tmut/Pois #####...     1%          3
p - Poisonous Vapours     Pois/Air       ####..       1%          2
x - Mephitic Cloud        Conj/Pois/Air  ###.....     7%          3

Your spell library contained the following spells:

 Spells                   Type           Power        Failure   Level
 Animate Skeleton         Necr           #.....       7%          1
 Corona                   Hex            #......      7%          1
 Magic Dart               Conj           #...         7%          1
 Pain                     Necr           #...         7%          1
 Summon Small Mammal      Summ           #...         7%          1
 Blink                    Tloc           N/A          10%         2
 Call Imp                 Summ           #.......     10%         2
 Slow                     Hex            #.......     10%         2
 Conjure Flame            Conj/Fire      #.......     21%         3
 Vampiric Draining        Necr           #.........   21%         3
 Animate Dead             Necr           #.........   54%         4
 Agony                    Necr           #.......     88%         5


Dungeon Overview and Level Annotations

Branches:
Dungeon (8/15)             Temple (1/1) D:5
   Lair: D:8-11

Altars:
Ashenzari
Cheibriados
Dithmenos
Elyvilon
Fedhas
Hepliaklqana
Kikubaaqudgha
Makhleb
Nemelex Xobeh
Okawaru
Sif Muna
Trog
Uskayaw
Vehumet
Xom
Yredelemnul
Zin
The Shining One

Shops:
D:5 *


Innate Abilities, Weirdness & Mutations

You are very small and have problems with some larger weapons.
You are too small for most types of armour.
You have supernaturally acute eyesight. (SInv)
You cover ground extremely quickly.
You possess an exceptional clarity of mind.


Message History

You barely miss the centaur.
The centaur is heavily wounded.
The centaur misses you.
The centaur hits you with a +2 whip of electrocution.
You are electrocuted!
You hit the centaur but do no damage.
The centaur is heavily wounded.
The centaur hits you but does no damage.
You are electrocuted!
The centaur hits you with a +2 whip of electrocution.
* * * LOW HITPOINT WARNING * * *
You hit the centaur.
The centaur is heavily wounded.
The centaur closely misses you. The centaur misses you.
Unknown command.
Unknown command.
The centaur unwields a +2 whip of electrocution.
It stops crackling.
The centaur wields a +0 shortbow.
The centaur shoots an arrow.
The arrow hits you!
You die...

....# ###.......
..#.#..#### ##.........
.#.#.......# ##..........
......####†# #........<#.
......#..#.# #..#.###.#..
...._.#..#†# #....# ###..
......#((#.###..### #..
......####..#..#### ###..
......)(@......##.###....
.....####.#...##...####..
.... #.c...#.....# #.. #
#.....#.....###..
###........[..#....
......(.##...##.#.#
###.....###.#####.#
.........#####.#...
##........###......


You could see a centaur and 2 dancing weapons.

Vanquished Creatures
  The ghost of robertstho the Cleaver, a novice MiBe of Trog (D:5)
  Pikel (D:4)
  An orc knight (D:8)
  An orc sorcerer (D:8)
  The ghost of marklar909 the Chopper, a novice HOMo (D:5)
  Eustachio (D:4)
  Edmund (D:6)
  A water moccasin (D:7)
  7 wargs
  Duvessa (D:6)
  2 sky beasts (D:5)
  5 orc warriors (D:8)
  A phantom (D:6)
  2 ogres
  2 bullfrogs
  Dowan (D:6)
  A scorpion (D:7)
  A jelly (D:4)
  A vampire bat (D:8)
  5 howler monkeys
  5 orc priests
  Crazy Yiuf (D:7)
  6 orc wizards
  A centaur skeleton (D:4)
  Jessica (D:4)
  2 bullfrog skeletons (D:4)
  3 iguanas
  3 worker ants
  4 gnolls (D:6)
  7 adders
  3 ufetubi
  An adder skeleton (D:8)
  A worm (D:2)
  A dart slug (D:2)
  3 leopard geckos
  43 orcs
  3 ball pythons
  12 bats
  A bat zombie (D:5)
  2 giant cockroaches
  4 goblins
  4 hobgoblins
  15 jackals
  6 kobolds
  4 quokkas
  2 frilled lizards
  A jackal skeleton (D:4)
  8 rats
184 creatures vanquished.

Vanquished Creatures (others)
  3 plants (D:8)
  5 withered plants (D:5)
8 creatures vanquished.

Grand Total: 192 creatures vanquished

Notes
Turn   | Place    | Note
-------+----------+-------------------------------------------
     0 | D:1      | dickylongcocking the Spriggan Venom Mage began the quest
                  | for the Orb.
     0 | D:1      | Reached XP level 1. HP: 9/9 MP: 5/5
    52 | D:1      | You fall into a shaft and drop 1 floor!
    76 | D:2      | Reached skill level 2 in Transmutations
   333 | D:1      | Reached XP level 2. HP: 13/13 MP: 3/6
   413 | D:1      | Reached skill level 3 in Transmutations
   881 | D:2      | Found a radiant altar of Vehumet.
  1176 | D:2      | Reached skill level 4 in Transmutations
  1176 | D:2      | Reached XP level 3. HP: 7/16 MP: 4/8
  2653 | D:3      | Found a broken altar of Ashenzari.
  2671 | D:3      | Learned a level 1 spell: Apportation
  2675 | D:3      | Learned a level 3 spell: Ignite Poison
  2756 | D:3      | Found an iron altar of Okawaru.
  2767 | D:3      | Reached skill level 5 in Transmutations
  3029 | D:3      | Reached XP level 4. HP: 21/21 MP: 6/9
  3672 | D:4      | Reached skill level 6 in Transmutations
  3928 | D:4      | Reached XP level 5. HP: 18/24 MP: 10/10
  4071 | D:4      | Reached skill level 7 in Transmutations
  4299 | D:4      | Noticed a lemure
  4302 | D:4      | Noticed Pikel
  4302 | D:4      | Noticed a lemure
  4302 | D:4      | Noticed a lemure
  4318 | D:4      | Learned a level 2 spell: Poisonous Vapours
  4321 | D:4      | Noticed a lemure
  4352 | D:4      | Gained mutation: You are dopey. (Int -2) [potion of
                  | mutation]
  4352 | D:4      | Gained mutation: Armour fits poorly on your strangely
                  | shaped body. [potion of mutation]
  4352 | D:4      | Gained mutation: Your body sometimes deteriorates upon
                  | taking damage. [potion of mutation]
  4352 | D:4      | Gained mutation: Your flesh is heat resistant. (rF+)
                  | [potion of mutation]
  4540 | D:4      | Reached skill level 8 in Transmutations
  4540 | D:4      | Reached XP level 6. HP: 15/28 MP: 11/11
  4629 | D:4      | Killed Pikel
  4629 | D:4      | Reached skill level 10 in Transmutations
  4629 | D:4      | Reached XP level 7. HP: 14/32 MP: 1/12
  5407 | D:4      | Noticed Eustachio
  5417 | D:4      | Killed Eustachio
  5417 | D:4      | Reached skill level 11 in Transmutations
  5633 | D:4      | Noticed Jessica
  5636 | D:4      | Killed Jessica
  5670 | D:4      | Found a shimmering blue altar of Sif Muna.
  5692 | D:5      | Entered Level 5 of the Dungeon
  5956 | D:5      | Reached skill level 12 in Transmutations
  5956 | D:5      | Reached XP level 8. HP: 23/36 MP: 2/13
  6314 | D:5      | Found Nuiqemme's General Store.
  6315 | D:5      | Found a runed translucent gate.
  6657 | D:5      | Found a staircase to the Ecumenical Temple.
  6711 | Temple   | Entered the Ecumenical Temple
  6848 | Temple   | Became a worshipper of Makhleb the Destroyer
  6917 | D:5      | Found a runed translucent gate.
  6917 | D:5      | Found a runed translucent gate.
  6917 | D:5      | Noticed marklar909's ghost (novice HOMo)
  6919 | D:5      | Noticed robertstho's ghost (novice MiBe)
  6969 | D:5      | Found an ancient bone altar of Kikubaaqudgha.
  7071 | D:5      | Learned a level 3 spell: Mephitic Cloud
  7118 | D:5      | Killed robertstho's ghost
  7185 | D:5      | Killed marklar909's ghost
  7185 | D:5      | Reached skill level 5 in Spellcasting
  7185 | D:5      | Reached skill level 13 in Transmutations
  7185 | D:5      | Reached skill level 5 in Poison Magic
  7185 | D:5      | Reached XP level 9. HP: 17/39 MP: 7/18
  7731 | D:6      | Noticed Duvessa
  7731 | D:6      | Noticed Dowan
  7746 | D:6      | Learned a level 4 spell: Olgreb's Toxic Radiance
  7760 | D:6      | Killed Duvessa
  7760 | D:6      | Killed Dowan
  7963 | D:6      | Noticed Edmund
  7971 | D:6      | Killed Edmund
  8558 | D:7      | Found a shimmering altar of Xom.
  9182 | D:7      | Found a runed translucent door.
  9183 | D:7      | Noticed Crazy Yiuf
  9744 | D:7      | Killed Crazy Yiuf
 10067 | D:8      | Reached * piety under Makhleb
 10479 | D:8      | Reached skill level 14 in Transmutations
 10583 | D:8      | Noticed an orc sorcerer
 10583 | D:8      | Noticed an orc knight
 10589 | D:8      | Killed an orc sorcerer
 10589 | D:8      | Reached XP level 10. HP: 44/44 MP: 6/23
 10589 | D:8      | Killed an orc knight
 10602 | D:8      | Got a scorched bronze ring
 10604 | D:8      | Identified the ring of Dogma {Ice rN++ Int+3} (You found it
                  | on level 8 of the Dungeon)
 10784 | D:8      | Lost mutation: You are dopey. (Int -2) [potion of mutation]
 10784 | D:8      | Lost mutation: Your flesh is heat resistant. (rF+) [potion
                  | of mutation]
 10784 | D:8      | Lost mutation: Your body sometimes deteriorates upon taking
                  | damage. [potion of mutation]
 10784 | D:8      | Lost mutation: Armour fits poorly on your strangely shaped
                  | body. [potion of mutation]
 10784 | D:8      | Gained mutation: You possess an exceptional clarity of
                  | mind. [potion of mutation]
 11239 | D:8      | Reached ** piety under Makhleb
 11575 | D:8      | Noticed a -2 dagger
 11576 | D:8      | Noticed a +0 hand axe
 11662 | D:8      | Found a hide-covered altar of Uskayaw.
 11695 | D:8      | Shot with an arrow by a centaur

Illustrated notes

Levels and vault maps discovered:
D:1:      dpeg_arrival_line_fractal, layout_loops_ring
D:2:      layout_basic, vehumet_crystals, chequers_hall_statues_y
D:3:      layout_loops_cross, old_standard_altar, ashenzari_altar_1
D:4:      layout_gridville, tgw_sif, uniq_eustachio, uniq_pikel
D:5:      layout_loops_ring, lemuel_zombie_altar_kikubaaqudgha,
          lemuel_temple_firewalk_a, gammafunk_ghost_cemetery, serial_shops, shop
D:6:      layout_basic, uniq_duvessa, uniq_edmund
D:7:      layout_layer_cave, xom_butterflies, uniq_crazy_yiuf_cottage
D:8:      lemuel_castle_with_subvaults [lemuel_castle_interior_carwin_2],
          layout_rooms, dancing_weapons_uskayaw, gammafunk_temple_overflow_claw,
          roderic_batcave, hangedman_pestilent_swarm, yredelemnul_altar_generic,
          uniq_maggie
Temple:   dshaligram_water_room_temple

Skill      XL: |  1  2  3  4  5  6  7  8  9 10 |
---------------+-------------------------------+-----
Transmutations | 2 4 5 6 8 10 12 13 14 | 14.7
Spellcasting   | 5 8 9 |  9.0
Poison Magic   | 5 7 |  7.8
Dodging        | |  3.0
Stealth        | |  3.0

Action                   |  1- 3 |  4- 6 |  7- 9 | 10-12 || total
-------------------------+-------+-------+-------+-------++-------
Melee: Dagger            |    15 |       |       |       ||    15
       Short sword       |    37 |    42 |    47 |       ||   126
       Unarmed           |       |    21 |    31 |       ||    52
       Quarterstaff      |       |       |    17 |    33 ||    50
 Cast: Sting             |    67 |    41 |    55 |     6 ||   169
       Poisonous Vapours |       |     6 |    14 |       ||    20
       Ignite Poison     |       |       |    37 |    20 ||    57
       Mephitic Cloud    |       |       |     8 |     4 ||    12
       Olgreb's Toxic Ra |       |       |    20 |    16 ||    36
Evoke: Wand              |       |       |    10 |       ||    10
  Use: Scroll            |     4 |     5 |     6 |       ||    15
       Potion            |       |     7 |     3 |     1 ||    11
 Stab: Sleeping          |     1 |     3 |     6 |       ||    10
       Paralysed         |       |       |     7 |       ||     7
Armor: Robe              |     6 |     9 |    19 |     8 ||    42
       Skin              |       |     6 |    22 |       ||    28
Dodge: Dodged            |    88 |    97 |   150 |    38 ||   373

Table legend: (Time is in decaauts)
 A = Elapsed time spent in this place.
 B = Non-inter-level travel time spent in this place.
 C = Inter-level travel time spent in this place.
 D = Time resting spent in this place.
 E = Time spent auto-exploring this place.
 F = Levels seen in this place.
 G = Mean time per level.
                   A        B        C        D        E       F      G
               +--------+--------+--------+--------+--------+-----+--------+
         Total |   9620 |   9451 |    169 |   2582 |   5580 |   9 | 1068.9 |
       Dungeon |   9530 |   9362 |    168 |   2582 |   5541 |   8 | 1191.2 |
        Temple |     89 |     89 |      0 |      0 |     39 |   1 |   89.0 |
               +--------+--------+--------+--------+--------+-----+--------+

Top non-repeatable levels by time:
     D:4: 1609 daAuts
     D:7: 1499 daAuts
     D:2: 1333 daAuts
     D:8: 1313 daAuts
     D:5: 1307 daAuts
     D:3: 1098 daAuts
     D:6: 742 daAuts
     D:1: 626 daAuts
  Temple: 89 daAuts
